 Dungeon Crawl Stone Soup version 0.31-a0-806-g0bc164a743 (webtiles) character file.

Game seed: 1700203094816960791

9 Danienth the Grave Robber (level 2, -2/16 HPs)
             Began as a Vampire Necromancer on Sept 21, 2023.
             Slain by a kobold
             ... wielding a +0 whip
              (5 damage)
             ... on level 1 of the Dungeon.
             The game lasted 00:05:13 (500 turns).

Danienth the Grave Robber (Vampire Necromancer)      Turns: 500, Time: 00:05:14

Health: -2/16      AC:  2    Str:  7    XL:     2   Next: 6%
Magic:  5/5        EV: 12    Int: 17    God:
Gold:   62         SH:  0    Dex: 14    Spells: 4/5 levels left

rFire   . . .        (no weapon)
rCold   + + .        (no shield)
rNeg    + + +        a - +0 robe
rPois   ∞            (no helmet)
rElec   .            (no cloak)
rCorr   .            (no gloves)
SInv    +            (no boots)
Will    .....        (no amulet)
Stlth   ++++         (no ring)
HPRegen 0.00/turn    (no ring)
MPRegen 0.09/turn

%: no passive effects
@: bloodless, inhibited regen
A: bloodless, fangs 3, see invisible, vampiric 1
a: Revivify


You were on level 1 of the Dungeon.
You visited 1 branch of the dungeon, and saw 1 of its levels.

You collected 62 gold pieces.

Inventory:

Armour
 a - a +0 robe (worn)
Scrolls
 c - a scroll of immolation {unknown}
 e - a scroll of enchant armour {unknown}
 f - a scroll of identify {unknown}
 g - a scroll of silence {unknown}
 h - a scroll of vulnerability {unknown}
 j - a scroll of enchant weapon {unknown}
Potions
 b - a potion of magic
 d - 3 potions of lignification {unknown}
 i - a potion of mutation {unknown}
 k - a potion of heal wounds {unknown}


   Skills:
 * Level 0.4 Fighting
 * Level 2.4 Dodging
 * Level 3.3 Stealth
 + Level 0.3 Unarmed Combat
 - Level 2.0 Spellcasting
 - Level 4.5 Necromancy


You had 4 spell levels left.
You knew the following spells:

 Your Spells              Type           Power      Damage    Failure   Level
a - Necrotise             Necr           68%        1d7       3%          1

Your spell library contained the following spells:

 Spells                   Type           Power      Damage    Failure   Level
 Vampiric Draining        Necr           17%        2d7       9%          3
 Animate Dead             Necr           17%        N/A       30%         4
 Agony                    Necr           17%        N/A       63%         5


Dungeon Overview and Level Annotations

Branches:
Dungeon (1/15)

Altars:


Innate Abilities, Weirdness & Mutations

You do not regenerate when monsters are visible.
You are frail without blood (-20% HP).
You can heal yourself when you bite living creatures.
You are immune to poison.
You have razor-sharp teeth.
You have supernaturally acute eyesight. (SInv)
You are afflicted with vampirism.


Message History

The goblin is heavily wounded.
The goblin hits you with a +0 club.
Casting: Necrotise (safe; 3% risk of failure)
Confirm with . or Enter, or press ? or * to list all spells.
Aiming: Necrotise (safe; 3% risk of failure)
Press: ? - help, Shift-Dir - straight line, f - goblin
Aim: a goblin, wielding a +0 club (heavily wounded, chance to affect: 87%)
The goblin writhes in agony.
You kill the goblin!
The dead are walking!
Magic restored.
k - a green potion Your goblin skeleton crumbles into dust!
You see here 5 stones.
A kobold comes into view. It is wielding a +0 whip.
The kobold shouts!
The kobold hits you with a +0 whip.
You closely miss the kobold. The kobold hits you but does no damage.
You barely miss the kobold. The kobold closely misses you.
A kobold is nearby!
Okay, then.
Okay, then.
The kobold hits you but does no damage. The kobold closely misses you.
The kobold hits you but does no damage. The kobold closely misses you.
The kobold hits you but does no damage. The kobold closely misses you.
The kobold hits you with a +0 whip. The kobold misses you.
The kobold hits you but does no damage. The kobold hits you with a +0 whip.
The kobold misses you. The kobold hits you with a +0 whip.
* * * LOW HITPOINT WARNING * * *
The kobold hits you but does no damage. The kobold closely misses you.
The kobold barely misses you. The kobold hits you with a +0 whip.
You die...

######.####............
#.# ###.(........ #.#
##..#...... #.#
#..##..... #.#
##...####. #.#
#.#...... #.# #.#####..
#.# #.# #.. #@# ... ###
#K# ... ..# .... #.##
... #. #. # #. ## #.
#.. ...


You could see a kobold.

Vanquished Creatures
  2 ball pythons (D:1)
  3 endoplasms (D:1)
  A frilled lizard (D:1)
  2 goblins (D:1)
8 creatures vanquished.

Notes
Turn   | Place    | Note
-------+----------+-------------------------------------------
     0 | D:1      | Danienth the Vampire Necromancer began the quest for the
                  | Orb.
     0 | D:1      | Reached XP level 1. HP: 13/13 MP: 3/3
   331 | D:1      | Reached XP level 2. HP: 2/16 MP: 3/5
   500 | D:1      | Slain by a kobold

Illustrated notes

Levels and vault maps discovered:
D:1:      amcnicky_arrival_double_pillar, layout_rooms

Action                     || total
---------------------------++-------
  Melee: Unarmed           ||    39
         Bite              ||     5
   Cast: Necrotise         ||     2
Ability: Exsanguinate      ||     1
   Stab: Sleeping          ||     4
 Armour: Robe              ||    28
  Dodge: Dodged            ||    22

Table legend: (Time is in decaauts)
 A = Elapsed time spent in this place.
 B = Non-inter-level travel time spent in this place.
 C = Inter-level travel time spent in this place.
 D = Time resting spent in this place.
 E = Time spent auto-exploring this place.
 F = Levels seen in this place.
 G = Mean time per level.
                   A        B        C        D        E       F      G
               +--------+--------+--------+--------+--------+-----+--------+
         Total |    500 |    500 |      0 |     92 |    296 |   1 |  500.0 |
       Dungeon |    500 |    500 |      0 |     92 |    296 |   1 |  500.0 |
               +--------+--------+--------+--------+--------+-----+--------+

Top non-repeatable levels by time:
     D:1: 500 daAuts
